 Dungeon Crawl Stone Soup version 0.30.0-29-ga12c61a403 (webtiles) character file.

Game seed: 5425915796981244954

135 qw the Chopper (level 5, -2/32 HPs)
             Began as a Gargoyle Fighter on June 3, 2023.
             Slain by a hobgoblin
             ... wielding a +0 spear
              (5 damage)
             ... on level 4 of the Dungeon.
             The game lasted 00:00:49 (1792 turns).

qw the Chopper (Gargoyle Fighter)                   Turns: 1792, Time: 00:00:49

Health: -2/32      AC: 10    Str: 22    XL:     5   Next: 18%
Magic:  5/5        EV:  9    Int:  8    God:
Gold:   80         SH:  4    Dex:  9    Spells: 4/4 levels left

rFire   . . .        Y - +1 war axe
rCold   . . .        c - +0 buckler
rNeg    + . .        b - +0 scale mail
rPois   inf          (no helmet)
rElec   +            (no cloak)
rCorr   .            (no gloves)
SInv    .            (no boots)
Will    .....        (no amulet) Stlth
                     (no ring)
HPRegen 0.25/turn    (no ring)
MPRegen 0.09/turn

%: no passive effects
@: about to teleport
A: sickness immunity, AC +4, negative energy resistance 1, electricity
resistance, torment resistance 1, petrification resistance
a: no special abilities


You were on level 4 of the Dungeon.
You visited 1 branch of the dungeon, and saw 3 of its levels.

You collected 80 gold pieces.


Innate Abilities, Weirdness & Mutations

You are immune to sickness and miasma.
Your stone body is resilient. (AC +4)
You are immune to poison.
You resist negative energy. (rN+)
You are resistant to electric shocks. (rElec)
You are resistant to unholy torment.
You are immune to petrification.


   Skills:
 - Level 3.2 Fighting
 + Level 4.7 Axes
 - Level 3.2 Armour
 - Level 3.2 Shields


You had 4 spell levels left.
You didn't know any spells.
Your spell library was empty.

Inventory:

Hand Weapons
 h - a +0 mace
 k - the +4 flail of Kismet {freeze, rElec rF+++ rC- Str-2}
   (You found it on level 2 of the Dungeon)

   Str:       It affects your strength (-2).
   rF:        It renders you almost immune to fire.
   rC:        It makes you vulnerable to cold.
   rElec:     It insulates you from electricity.
 Y - a +1 war axe (weapon)
Armour
 b - a +0 scale mail (worn)
 c - a +0 buckler (worn)
Scrolls
 a - a scroll of noise {unknown}
 f - a scroll of teleportation
 i - a scroll of fog {unknown}
 j - a scroll of identify
Potions
 d - a potion of might
 e - 2 potions of haste {unknown}
 g - 2 potions of cancellation
 l - 2 potions of curing {unknown}

Dungeon Overview and Level Annotations

Branches:
Dungeon (2/15)

Altars:


Message History

The gnoll shouts!
You hear a shout!
The gnoll hits you with a +0 spear.
Things that are here:
a +0 spear; a gnoll corpse You barely miss the gnoll.
The gnoll hits you but does no damage.
You hit the gnoll.
The gnoll is lightly wounded.
The gnoll hits you with a +0 spear. The gnoll hits you but does no damage.
You closely miss the gnoll.
The gnoll is lightly wounded.
The gnoll hits you but does no damage.
You barely miss the gnoll.
The gnoll is lightly wounded.
You block the gnoll's attack.
You barely miss the gnoll.
The gnoll is lightly wounded.
The gnoll hits you but does no damage.
You closely miss the gnoll.
The gnoll is lightly wounded.
The gnoll hits you but does no damage. The gnoll hits you with a +0 spear.
A hobgoblin comes into view. It is wielding a +0 spear.
You barely miss the gnoll.
The gnoll is lightly wounded.
The gnoll hits you with a +0 spear. The hobgoblin completely misses you.
1790 ||| READING 2 scrolls of teleportation.
As you read the scroll of teleportation, it crumbles to dust.
You feel strangely unstable. The gnoll hits you with a +0 spear.
The hobgoblin hits you from afar with a +0 spear.
You closely miss the gnoll.
The gnoll is lightly wounded.
The gnoll hits you but does no damage.
The hobgoblin hits you but does no damage.
You hit the gnoll.
The gnoll is heavily wounded.
The gnoll barely misses you.
The hobgoblin hits you but does no damage.
The hobgoblin hits you from afar with a +0 spear.
You die...

#. #! .. #. #. .
### #g ..
.?..#g## .#..#
....#.@## ...#
#.......[##...#
#.####.)).#...#..
##....)....#
##.#.......
######..##..##.
#.........>##
#.##########
#.###


You could see a gnoll and a hobgoblin.

Vanquished Creatures
  A jelly (D:4)
  3 gnolls
  3 adders (D:2)
  2 worms (D:2)
  2 dart slugs (D:1)
  4 endoplasms
  A giant cockroach (D:1)
  A goblin (D:1)
  5 hobgoblins
  2 quokkas
  2 ball pythons
  4 bats
  A frilled lizard (D:2)
  5 kobolds
  6 rats
42 creatures vanquished.

Notes
Turn   | Place    | Note
-------+----------+-------------------------------------------
     0 | D:1      | qw the Gargoyle Fighter began the quest for the Orb.
     0 | D:1      | Reached XP level 1. HP: 14/14 MP: 1/1
     0 | D:1      | 0 ||| qw: Version: 0.2-a-103-g5a998e5
     0 | D:1      | 0 ||| qw: Game counter: 978
     0 | D:1      | 0 ||| qw: Always use a shield: true
     0 | D:1      | 0 ||| qw: God list: Okawaru
     0 | D:1      | 0 ||| qw: Allow faded altars: false
     0 | D:1      | 0 ||| qw: Do Orc after D:15 true
     0 | D:1      | 0 ||| qw: Do second Lair branch before Depths: true
     0 | D:1      | 0 ||| qw: Lair rune preference: random
     0 | D:1      | 0 ||| qw: Plans: Normal, Zot:1-4, Slime:5, God:TSO, Crypt,
                  | Tomb, Pan, Hells, Abyss, Win
     0 | D:1      | 0 ||| PLANNING D:1-11
    16 | D:1      | 16 ||| Stepping ~*~*~tactically~*~*~ (water).
    76 | D:1      | Reached skill level 2 in Axes
   187 | D:1      | Reached XP level 2. HP: 19/19 MP: 2/2
   311 | D:1      | Reached skill level 3 in Axes
   419 | D:1      | Reached XP level 3. HP: 18/23 MP: 3/3
   471 | D:1      | 471 ||| Stepping ~*~*~tactically~*~*~ (stealth).
   932 | D:1      | 932 ||| DROPPING ring of wizardry.
   933 | D:1      | 933 ||| READING scroll labelled ADERGH UCLYUNLU.
   934 | D:1      | 934 ||| READING 2 scrolls labelled GIXOOH CEUTWIU.
   937 | D:1      | 937 ||| READING scroll labelled MEGYHOILYZ.
  1038 | D:1      | 1038 ||| READING 3 scrolls labelled MYATZE BOTAJAS.
  1039 | D:1      | 1039 ||| DRINKING 2 smoky dark potions.
  1040 | D:1      | 1040 ||| READING 2 scrolls of identify.
  1040 | D:1      | 1040 ||| IDENTIFYING sedimented blue potion
  1041 | D:1      | 1041 ||| DROPPING potion of invisibility.
  1415 | D:2      | Reached XP level 4. HP: 28/28 MP: 4/4
  1415 | D:2      | 1415 ||| DROPPING +0 club.
  1427 | D:2      | Identified the +4 flail of Kismet {freeze, rElec rF+++ rC-
                  | Str-2}
  1453 | D:2      | Reached skill level 4 in Axes
  1711 | D:2      | You fall into a shaft and drop 2 floors!
  1712 | D:4      | 1712 ||| PLANNING SEWER
  1760 | D:4      | 1760 ||| Stepping ~*~*~tactically~*~*~ (hiding).
  1761 | D:4      | 1761 ||| Stepping ~*~*~tactically~*~*~ (hiding).
  1773 | D:4      | Reached XP level 5. HP: 20/32 MP: 5/5
  1789 | D:4      | HP: 8/32 [gnoll/+0 spear (6)]
  1790 | D:4      | 1790 ||| READING 2 scrolls of teleportation.
  1790 | D:4      | HP: 3/32 [hobgoblin/+0 spear (1)]
  1792 | D:4      | Slain by a hobgoblin

Levels and vault maps discovered:
D:1:      sevenhm_arrival_forest_fort_small_4, layout_basic,
          serial_bayou_pond_d, nicolae_hexahallways,
          hangedman_abyss_or_decor_stabs
D:2:      layout_loops_ring, nicolae_concentric_dashed_squares_mild,
          minmay_quadrilaterals
D:4:      layout_basic, minmay_temple_entry_waves, lightli_sewer_entry_pipes

Skill      XL: |  1  2  3  4 |
---------------+-------------+-----
Axes           | 2 3 4 |  4.7
Fighting       | |  3.2
Armour         | |  3.2
Shields        | |  3.2

Action                     |  1- 3 |  4- 6 || total
---------------------------+-------+-------++-------
  Melee: War axe           |    85 |    50 ||   135
    Use: Scroll            |     5 |     1 ||     6
         Potion            |     1 |       ||     1
 Armour: Scale mail        |    37 |    34 ||    71
  Dodge: Dodged            |    33 |    18 ||    51
  Block: Buckler           |    15 |     7 ||    22

Table legend:
 A = Non-vault XP
 B = Vault XP
 C = Vault XP percentage of total XP
 D = Non-vault monster count
 E = Vault monster count
 F = Vault count percentage of total count
                 A         B        C        D         E       F
            +---------+---------+-------+---------+---------+-------
      Total |     182 |      11 |   5.7 |      38 |       4 |   9.5
            +---------+---------+-------+---------+---------+-------
        D:1 |      50 |       0 |   0.0 |      21 |       0 |   0.0
        D:2 |      57 |      11 |  16.2 |      13 |       4 |  23.5
        D:4 |      75 |       0 |   0.0 |       4 |       0 |   0.0
            +---------+---------+-------+---------+---------+-------
